AoeStats
← HORA DE CALLARSE UN POQUITO

Black Forest

507184836Analyzed
4v4 RM · 16d ago on Sep 17, 2026· 26m 54s· 8 players
Game mode
Random Map
Map size
Large (8 player)
Population
200
Speed
Normal
Resources
Standard
Victory
Conquest
Starting age
Dark Age
Ending age
Imperial Age
RankedLock teamsTeams togetherTeam positionsShared explorationLock speedFull tech treeHidden civsTurbo modeCheats
Victory
Defeat
🇵🇪 Aztecs · Peru
709
+11
🇵🇪 Britons · Peru
639
+14
630
+14
🇵🇪 Spanish · Peru
627
+23
🇺🇸 Spanish · United States
673
-17
🇺🇸 Magyars · United States
657
-16
🇹🇼 Tatars · Taiwan
515
-10
🇲🇽 Japanese · Mexico
504
-10
CaptainKruschel
1:10 Loom
14:38 Feudal Age
15:33 Double-Bit Axe
15:34 Horse Collar
18:16 Gold Mining
21:12 Stone Mining
22:11 Fletching
23:19 Padded Archer Armor
24:51 Wheelbarrow
26:29 Bloodlines
26:29 Scale Barding Armor
mainaumainau
1:09 Loom
Dr_foul
13:37 Feudal Age
14:10 Horse Collar
14:20 Double-Bit Axe
C.J.
0:33 Loom
14:15 Feudal Age
14:27 Man-at-Arms
19:24 Wheelbarrow
23:41 Castle Age
22:36 Double-Bit Axe
24:56 Forging
25:16 Long Swordsman
HORA DE CALLARSE UN POQUITO
7:55 Loom
11:54 Feudal Age
12:49 Double-Bit Axe
13:21 Horse Collar
17:01 Wheelbarrow
15:56 Man-at-Arms
17:06 Bloodlines
17:46 Gold Mining
17:47 Stone Mining
23:56 Castle Age
25:02 Scale Barding Armor
25:18 Scale Mail Armor
25:28 Forging
26:03 Husbandry
25:23 Light Cavalry
26:23 Bow Saw
Elmau1618
9:48 Loom
11:45 Feudal Age
12:00 Man-at-Arms
15:27 Gold Mining
18:11 Scale Mail Armor
18:34 Arson
21:02 Double-Bit Axe
23:35 Forging
justin20ov
3:09 Loom
17:32 Feudal Age
19:12 Horse Collar
19:21 Double-Bit Axe
19:39 Man-at-Arms
21:35 Wheelbarrow
23:41 Scale Mail Armor
27:15 Castle Age
CHULETÓN
11:33 Feudal Age
12:10 Double-Bit Axe
13:16 Horse Collar
25:17 Castle Age
Connection lost

Rejoining the realm…

Still unreachable

The connection could not be restored.

Session expired

The server has moved on; the page needs a fresh start.